 Dungeon Crawl Stone Soup version 0.32-a0-35-gd9ff480968 (webtiles) character file.

Game seed: 2002343066440816730

284 jlumianski the Ruffian (level 6, -3/47 HPs)
             Began as a Gnoll Shapeshifter on Jan 22, 2024.
             Slain by Blork the orc
             ... wielding a +4 battleaxe of flaming
              (8 damage)
             ... on level 4 of the Dungeon.
             The game lasted 00:10:21 (3293 turns).

jlumianski the Ruffian (Gnoll Shapeshifter)         Turns: 3293, Time: 00:10:21

Health: -3/47      AC:  8    Str: 15    XL:     6   Next: 29%
Magic:  9/9        EV:  8    Int:  9    God:
Gold:   137        SH:  0    Dex: 12    Spells: 9/9 levels left

rFire   . .          .
                       - Unarmed
rCold   . . .        (no shield)
rNeg    . . .        j - +0 chain mail
rPois   .            (helmet currently unavailable)
rElec   .            (cloak currently unavailable)
rCorr   .            (gloves currently unavailable)
SInv    .            (boots currently unavailable)
Will    .....        (no amulet) Stlth
                     (no ring)
HPRegen 0.27/turn    (no ring)
MPRegen 0.11/turn

%: no passive effects
@: beast-form
A: beast (slay +3), fangs 1, strong nose, distributed training
a: Begin Untransformation


You were on level 4 of the Dungeon.
You were a hulking beast.
You visited 1 branch of the dungeon, and saw 4 of its levels.

You collected 137 gold pieces.

Inventory:

Missiles
 w - 4 poisoned darts (quivered)
Armour
 a - a +0 animal skin
 j - a +0 chain mail (worn)
 v - a +0 pair of boots
Magical Staves
 f - a staff of conjuration
 p - a staff of death
 t - a staff of earth
Talismans
 c - a beast talisman
 d - a flux talisman
 h - a maw talisman
Wands
 r - a wand of polymorph (10)
Scrolls
 e - 2 scrolls of enchant weapon {unknown}
 g - 4 scrolls of identify {unknown}
 i - a scroll of revelation {unknown}
 l - 2 scrolls of summoning {unknown}
 m - 2 scrolls of enchant armour {unknown}
 o - a scroll of noise {unknown}
 q - a scroll of fog {unknown}
Potions
 b - a potion of lignification
 k - a potion of curing {unknown}
 n - a potion of might {unknown}
 s - a potion of invisibility {unknown}
 u - a potion of berserk rage {unknown}
 x - a potion of mutation {unknown}
 z - a potion of ambrosia {unknown}


   Skills:
 + Level 3.2 Fighting
 + Level 2.0 Short Blades
 + Level 2.0 Long Blades
 + Level 2.0 Axes
 + Level 2.0 Maces & Flails
 + Level 2.0 Polearms
 + Level 2.0 Staves
 + Level 2.0 Ranged Weapons
 + Level 2.0 Throwing
 + Level 2.0 Armour
 + Level 5.0 Dodging
 + Level 2.0 Stealth
 + Level 2.0 Shields
 + Level 6.8 Unarmed Combat
 + Level 2.0 Spellcasting
 + Level 1.5 Conjurations
 + Level 1.5 Hexes
 + Level 1.5 Summonings
 + Level 1.5 Necromancy
 + Level 1.5 Translocations
 + Level 1.5 Fire Magic
 + Level 1.5 Ice Magic
 + Level 1.5 Air Magic
 + Level 1.5 Earth Magic
 + Level 1.5 Alchemy
 + Level 2.2 Invocations
 + Level 2.0 Evocations
 + Level 6.7 Shapeshifting


You had 9 spell levels left.
You didn't know any spells.
Your spell library contained the following spells:

 Spells                   Type           Power      Damage    Failure   Level
 Ensorcelled Hibernation  Hex/Ice        6%         N/A       98%         2
 Fugue of the Fallen      Necr           3%         N/A       100%        3
 Anguish                  Hex/Necr       1%         N/A       100%        4


Dungeon Overview and Level Annotations

Branches:
Dungeon (4/15)
 Temple: D:4-7

Altars:

Shops:
D:2 =

Annotations:
D:4 Blork the orc


Innate Abilities, Weirdness & Mutations

You are a hulking beast.
Your limbs bulge with bestial killing power. (Slay +3)
You have very sharp teeth.
Your uncanny sense of smell can sniff out nearby items.
Your experience applies equally to all skills.


Message History

Blork the orc points at you and mumbles some strange words.
The puff of flame hits you but does no damage.
You see here 12 gold pieces.
Throw: 6 darts (poison)
Press: ? - help, Q - select action, (/) - cycle Shift-Dir - straight line, f - Blork the orc
Aim: Blork the orc, wielding a +4 battleaxe of flaming and wearing a +0 robe (65% to hit)
You throw a poisoned dart. The poisoned dart hits Blork the orc.
Blork the orc is poisoned.
Throw: 5 darts (poison)
Press: ? - help, Q - select action, (/) - cycle Shift-Dir - straight line, f/p - Blork the orc
Aim: Blork the orc, wielding a +4 battleaxe of flaming and wearing a +0 robe (poisoned, 65% to hit)
You throw a poisoned dart.
The poisoned dart closely misses Blork the orc.
Okay, then.
Unknown command.
Unknown command.
Unknown command.
You barely miss Blork the orc.
Blork the orc is lightly wounded.
Blork the orc gestures at you while chanting.
The magic dart hits you.
You hit Blork the orc.
Blork the orc is lightly wounded.
Blork the orc gestures at you while chanting.
The magic dart hits you.
You barely miss Blork the orc.
Blork the orc is lightly wounded.
You hit Blork the orc.
Blork the orc is lightly wounded.
Blork the orc barely misses you.
You punch Blork the orc!
Blork the orc is heavily wounded.
Blork the orc hits you with a +4 battleaxe of flaming!
Blork the orc burns you.
You hit Blork the orc.
Blork the orc is severely wounded.
Blork the orc hits you with a +4 battleaxe of flaming!
* * * LOW HITPOINT WARNING * * *
Blork the orc burns you!
You die...

#......... ##.......##
#.........#
#####.........#
##.............#
##....^......†..#######
#.............)........
#........$.......#####
#(..(.oh......##..##
#............####..##
#...........## ##..#
##........### ##<#...
#.........# #.#...
#..:......#########.....
#.................#.....
#.................#.....
...............#.....


You could see Blork the orc (poisoned).

Vanquished Creatures
  Natasha (thrice) (D:3)
  2 orc wizards
  5 adders
  4 gnolls
  A dart slug (D:1)
  2 ribbon worms
  4 orcs (D:3)
  6 ball pythons
  5 endoplasms
  2 giant cockroaches (D:1)
  6 goblins
  3 hobgoblins (D:1)
  6 jackals
  3 quokkas
  5 bats
  2 frilled lizards
  6 kobolds
  8 rats
73 creatures vanquished.

Notes
Turn   | Place    | Note
-------+----------+-------------------------------------------
     0 | D:1      | jlumianski the Gnoll Shapeshifter began the quest for the
                  | Orb.
     0 | D:1      | Reached XP level 1. HP: 17/17 MP: 1/1
   112 | D:1      | Reached XP level 2. HP: 23/23 MP: 2/2
   205 | D:1      | Reached XP level 3. HP: 24/28 MP: 3/3
   356 | D:1      | Reached skill level 1 in Invocations
  1031 | D:2      | Found Couwehem's Jewellery Emporium.
  1173 | D:2      | Reached skill level 1 in Short Blades
  1173 | D:2      | Reached skill level 1 in Long Blades
  1173 | D:2      | Reached skill level 1 in Axes
  1173 | D:2      | Reached skill level 1 in Maces & Flails
  1173 | D:2      | Reached skill level 1 in Polearms
  1173 | D:2      | Reached skill level 1 in Staves
  1173 | D:2      | Reached skill level 1 in Ranged Weapons
  1173 | D:2      | Reached skill level 1 in Throwing
  1173 | D:2      | Reached skill level 1 in Armour
  1173 | D:2      | Reached skill level 1 in Stealth
  1173 | D:2      | Reached skill level 1 in Shields
  1173 | D:2      | Reached skill level 1 in Spellcasting
  1173 | D:2      | Reached skill level 1 in Evocations
  1285 | D:2      | Reached XP level 4. HP: 34/34 MP: 5/5
  1451 | D:2      | Reached skill level 1 in Conjurations
  1451 | D:2      | Reached skill level 1 in Hexes
  1451 | D:2      | Reached skill level 1 in Summonings
  1451 | D:2      | Reached skill level 1 in Necromancy
  1451 | D:2      | Reached skill level 1 in Translocations
  1451 | D:2      | Reached skill level 1 in Fire Magic
  1451 | D:2      | Reached skill level 1 in Ice Magic
  1451 | D:2      | Reached skill level 1 in Air Magic
  1451 | D:2      | Reached skill level 1 in Earth Magic
  1451 | D:2      | Reached skill level 1 in Alchemy
  2337 | D:3      | Noticed Natasha
  2342 | D:3      | Killed Natasha
  2343 | D:3      | Reached XP level 5. HP: 36/40 MP: 5/7
  2968 | D:3      | Noticed Natasha
  2977 | D:3      | Killed Natasha
  3014 | D:3      | Noticed Natasha
  3022 | D:3      | Killed Natasha
  3023 | D:3      | Reached XP level 6. HP: 31/47 MP: 8/8
  3161 | D:3      | Reached skill level 5 in Dodging
  3283 | D:4      | Noticed Blork the orc
  3293 | D:4      | Slain by Blork the orc

Illustrated notes

Levels and vault maps discovered:
D:1:      minmay_arrival_split_and_join, layout_basic
D:2:      layout_loops_corners, serial_shops, shop
D:3:      layout_basic, uniq_natasha
D:4:      layout_rooms, fedhas_altar_1, xom_redecorated,
          nicolae_concentric_dashed_squares_mild, uniq_blork_the_orc

Skill      XL: |  1  2  3  4  5  6 |
---------------+-------------------+-----
Invocations    | 1 2 |  2.2
Short Blades   | 1 2 |  2.0
Long Blades    | 1 2 |  2.0
Axes           | 1 2 |  2.0
Maces & Flails | 1 2 |  2.0
Polearms       | 1 2 |  2.0
Staves         | 1 2 |  2.0
Ranged Weapons | 1 2 |  2.0
Throwing       | 1 2 |  2.0
Armour         | 1 2 |  2.0
Stealth        | 1 2 |  2.0
Shields        | 1 2 |  2.0
Spellcasting   | 1 2 |  2.0
Evocations     | 1 2 |  2.0
Conjurations   | 1 |  1.5
Hexes          | 1 |  1.5
Summonings     | 1 |  1.5
Necromancy     | 1 |  1.5
Translocations | 1 |  1.5
Fire Magic     | 1 |  1.5
Ice Magic      | 1 |  1.5
Air Magic      | 1 |  1.5
Earth Magic    | 1 |  1.5
Alchemy        | 1 |  1.5
Fighting       | 3 |  3.2
Dodging        | 5 |  5.0
Unarmed Combat | |  6.8
Shapeshifting  | |  6.7

Action                     |  1- 3 |  4- 6 || total
---------------------------+-------+-------++-------
  Melee: Unarmed           |    61 |   108 ||   169
         Bite              |     1 |    13 ||    14
         Punch             |       |     4 ||     4
  Throw: Dart              |       |     2 ||     2
 Armour: Animal skin       |    12 |       ||    12
         Chain mail        |    25 |    89 ||   114
  Dodge: Dodged            |    31 |    47 ||    78

Table legend: (Time is in decaauts)
 A = Elapsed time spent in this place.
 B = Non-inter-level travel time spent in this place.
 C = Inter-level travel time spent in this place.
 D = Time resting spent in this place.
 E = Time spent auto-exploring this place.
 F = Levels seen in this place.
 G = Mean time per level.
                   A        B        C        D        E       F      G
               +--------+--------+--------+--------+--------+-----+--------+
         Total |   3292 |   3036 |    256 |    198 |   1845 |   4 |  823.0 |
       Dungeon |   3292 |   3036 |    256 |    198 |   1845 |   4 |  823.0 |
               +--------+--------+--------+--------+--------+-----+--------+

Top non-repeatable levels by time:
     D:3: 1194 daAuts
     D:2: 1128 daAuts
     D:1: 857 daAuts
     D:4: 112 daAuts
